 Dungeon Crawl Stone Soup version 0.29-a0-512-gf59ac788ac (webtiles) character file.

Game seed: 16144243247264890712

636 NateTC the Cleaver (level 7, -5/64 HPs)
             Began as a Hill Orc Fighter on May 29, 2022.
             Slain by an ogre
             ... wielding a +0 giant spiked club
              (18 damage)
             ... on level 4 of the Dungeon.
             The game lasted 00:07:52 (2908 turns).

NateTC the Cleaver (Hill Orc Fighter)               Turns: 2908, Time: 00:07:53

Health: -5/64      AC: 13    Str: 21    XL:     7   Next: 50%
Magic:  7/7        EV:  7    Int:  8    God:
Gold:   171        SH:  4    Dex: 10    Spells: 6/6 levels left

rFire   . . .      SeeInvis .   a - +0 war axe
rCold   . . .      Faith    .   c - +0 buckler
rNeg    . . .      Spirit   .   r - +0 chain mail
rPois   .          Reflect  .   n - +2 helmet
rElec   .          Harm     .   k - +0 cloak
rCorr   .          Rampage  .   (no gloves)
Will    .....                   (no boots)
Stlth   ..........              (no amulet)
HPRegen 0.20/turn               e - ring of flight
MPRegen 0.10/turn               (no ring)

@: flying
A: no striking features
a: no special abilities


You were on level 4 of the Dungeon.
You visited 1 branch of the dungeon, and saw 4 of its levels.

You collected 171 gold pieces.

Inventory:

Hand Weapons
 a - a +0 war axe (weapon)
Armour
 c - a +0 buckler (worn)
 k - a +0 cloak (worn)
 n - a +2 helmet (worn)
 r - a +0 chain mail (worn)
Jewellery
 e - a ring of flight (left hand)
Scrolls
 b - a scroll of blinking {unknown}
 d - a scroll of magic mapping
 p - a scroll of amnesia
 t - a scroll of summoning {unknown}
Potions
 f - 3 potions of heal wounds
 g - a potion of magic
 h - a potion of mutation
 i - a potion of brilliance {unknown}
 j - 2 potions of invisibility
 l - a potion of flight {unknown}
 m - a potion of curing {unknown}
 o - a potion of berserk rage {unknown}
 q - a potion of degeneration {unknown}
 s - a potion of ambrosia {unknown}


   Skills:
 * Level 6.7 Fighting
 - Level 8.7 Axes
 - Level 3.2 Armour
 - Level 3.2 Shields


You had 6 spell levels left.
You didn't know any spells.
Your spell library was empty.

Dungeon Overview and Level Annotations

Branches:
Dungeon (3/15)

Altars:
Ru

Shops:
D:4 :


Message History

You completely miss the ogre.
The ogre is severely wounded.
The ogre barely misses you.
You slash the ogre!
The ogre is almost dead.
You slash the ogre!
You kill the ogre!
You see here a +0 giant spiked club.
You start resting.
A worm comes into view.
A worm is nearby!
Found a scroll labelled WISIYVUSCHE.
You see here a scroll of magic mapping.
d - a scroll of magic mapping
Found an escape hatch in the ceiling.
t - a scroll labelled WISIYVUSCHE
There are no items here.
An orc comes into view. It is wielding a +3 whip.
Found 14 gold pieces.
The orc shouts!
An orc wizard comes into view. It is wielding a +0 dagger.
An orc comes into view. It is wielding a +0 whip.
An ogre comes into view. It is wielding a +0 giant spiked club.
The ogre shouts!
The orc shouts!
The orc wizard shouts!
A hobgoblin comes into view.
You block the ogre's attack.
You slash the ogre!
The ogre is moderately wounded.
The ogre hits you with a +0 giant spiked club.
A worm comes into view.
Found 15 gold pieces.
The ogre hits you with a +0 giant spiked club!!
* * * LOW HITPOINT WARNING * * *
There is an escape hatch in the ceiling, spattered with blood here.
You can't go down here!
The orc wizard hits you but does no damage.
The hobgoblin hits you.
* * * LOW HITPOINT WARNING * * *
The ogre hits you with a +0 giant spiked club!!
You die...

.... #......... ##
...####.......w...
.##...#................
.#... ##.##............
....###...##.....#...
.................#.##
w.w........#....o...###.
.........###..ogo.......
.......### #...O@###...
)....### #.....# ...#.##
#....$.. ...#...
............
..>.##...##.#.......#
.........#####.....#..
........... #........
........... ....$....#
...........


You could see an ogre, a worm (wandering), an orc wizard, 2 orcs and a
hobgoblin.

Vanquished Creatures
  Grinder (D:3)
  An ogre (D:4)
  A phantom (D:4)
  2 hounds (D:4)
  Crazy Yiuf (D:2)
  Jessica (D:3)
  3 iguanas (D:4)
  2 adders (D:2)
  A worm (D:2)
  3 dart slugs
  An orc (D:3)
  3 ball pythons (D:2)
  6 bats
  4 endoplasms
  7 giant cockroaches
  5 goblins
  8 hobgoblins
  3 kobolds (D:1)
  4 quokkas
  5 frilled lizards
  5 rats
67 creatures vanquished.

Vanquished Creatures (others)
  2 fungi (D:2)
2 creatures vanquished.

Grand Total: 69 creatures vanquished

Notes
Turn   | Place    | Note
-------+----------+-------------------------------------------
     0 | D:1      | NateTC the Hill Orc Fighter began the quest for the Orb.
     0 | D:1      | Reached XP level 1. HP: 19/19 MP: 1/1
    23 | D:1      | Reached skill level 3 in Axes
   141 | D:1      | Reached XP level 2. HP: 26/26 MP: 2/2
   242 | D:1      | Reached skill level 4 in Axes
   300 | D:1      | Found a faded altar of an unknown god.
   596 | D:1      | Reached XP level 3. HP: 24/31 MP: 3/3
  1043 | D:2      | Reached skill level 5 in Axes
  1557 | D:2      | Reached XP level 4. HP: 39/39 MP: 4/4
  1814 | D:2      | Reached skill level 6 in Axes
  1987 | D:2      | Found a runed translucent door.
  1987 | D:2      | Noticed Crazy Yiuf
  1994 | D:2      | Killed Crazy Yiuf
  2142 | D:3      | Found a faded altar of an unknown god.
  2147 | D:3      | Found a sacrificial altar of Ru.
  2183 | D:3      | Noticed Grinder
  2207 | D:3      | Reached XP level 5. HP: 21/45 MP: 5/5
  2210 | D:3      | Killed Grinder
  2211 | D:3      | Reached skill level 8 in Axes
  2211 | D:3      | Reached XP level 6. HP: 25/51 MP: 6/6
  2444 | D:3      | Noticed Jessica
  2453 | D:3      | Killed Jessica
  2559 | D:3      | You are sucked into a shaft and drop 1 floor!
  2576 | D:4      | Found Faev Suz's Book Shop.
  2722 | D:4      | Reached skill level 5 in Fighting
  2722 | D:4      | Reached XP level 7. HP: 40/61 MP: 7/7
  2908 | D:4      | Slain by an ogre

Illustrated notes

Levels and vault maps discovered:
D:1:      spicycebolla_arrival_xxxplode, layout_loops_ring,
          shapermc_ecumenical_altar_venn, serial_park_tiny_1
D:2:      minmay_diamond_boxcup, layout_loops_ring, minmay_tall_x,
          uniq_crazy_yiuf_cottage
D:3:      layout_basic, nicolae_overflow_ecumenical_swirl, nicolae_wormholes,
          uniq_grinder, uniq_jessica
D:4:      layout_cave_pools, serial_shops, shop

Skill      XL: |  1  2  3  4  5  6  7 |
---------------+----------------------+-----
Axes           | 3 4 5 6 8 |  8.7
Fighting       | 5 6 |  6.7
Armour         | |  3.2
Shields        | |  3.2

Action                   |  1- 3 |  4- 6 |  7- 9 || total
-------------------------+-------+-------+-------++-------
Melee: War axe           |   112 |    89 |    15 ||   216
  Use: Scroll            |     7 |     4 |       ||    11
       Potion            |       |     1 |       ||     1
Armor: Scale mail        |    55 |    18 |       ||    73
       Chain mail        |       |    18 |     3 ||    21
Dodge: Dodged            |    55 |    32 |     7 ||    94
Block: Buckler           |    28 |    13 |     3 ||    44

Table legend: (Time is in decaauts)
 A = Elapsed time spent in this place.
 B = Non-inter-level travel time spent in this place.
 C = Inter-level travel time spent in this place.
 D = Time resting spent in this place.
 E = Time spent auto-exploring this place.
 F = Levels seen in this place.
 G = Mean time per level.
                   A        B        C        D        E       F      G
               +--------+--------+--------+--------+--------+-----+--------+
         Total |   2963 |   2887 |     76 |    594 |   1376 |   4 |  740.8 |
       Dungeon |   2963 |   2887 |     76 |    594 |   1376 |   4 |  740.8 |
               +--------+--------+--------+--------+--------+-----+--------+

Top non-repeatable levels by time:
     D:2: 1102 daAuts
     D:1: 1025 daAuts
     D:3: 481 daAuts
     D:4: 353 daAuts
